 Dungeon Crawl Stone Soup version 0.17.1-3-g152610e (webtiles) character file.

23 hannobal the Stinger (level 2, -3/11 HPs)
             Began as a Felid Venom Mage on Apr 17, 2016.
             Slain by a hobgoblin
             ... wielding a cursed +0 club
              (6 damage)
             ... on level 2 of the Dungeon.
             The game lasted 00:02:52 (1565 turns).

hannobal the Stinger (Felid Venom Mage)             Turns: 1565, Time: 00:02:52

Health: -3/11      AC:  1    Str:  9    XL:     2   Next: 72%
Magic:  2/6        EV: 18    Int: 16    God:
Gold:   37         SH:  0    Dex: 16    Spells: 1 memorised, 4 levels left
                                        Lives:  0   Deaths: 0

rFire  + . .     SeeInvis +     (weapon unavailable)
rCold  . . .     Clarity  .     (armour unavailable)
rNeg   . . .     SustAt   .     (shield unavailable)
rPois  .         Gourm    .     (helmet unavailable)
rElec  .         Spirit   .     (cloak unavailable)
rCorr  .         Warding  .     (gloves unavailable)
rMut   .         Stasis   .     (boots unavailable)
MR     .....                    (no amulet)
Stlth  +++.......               (no ring)
                                d - ring of protection from fire

@: mighty, very slightly contaminated, quick, not resistant to hostile
enchantments, fairly stealthy
A: no armour, no weapons or thrown items, claws 1, fangs 3, see invisible,
carnivore 3, speed 1, shaggy fur 1, slow metabolism 1, sharp paws
a: no special abilities


You were on level 2 of the Dungeon.
You were completely stuffed.

You visited 1 branch of the dungeon, and saw 2 of its levels.

You collected 37 gold pieces.

Inventory:

Jewellery
 d - a ring of protection from fire (left paw)
Scrolls
 e - a scroll of remove curse
Potions
 g - a potion of might
Books
 a - a Young Poisoner's Handbook

   Spells                             Type                      Level
   a - Sting                          Conjuration/Poison           1
   b - Cure Poison                    Poison                       2
   c - Mephitic Cloud                 Conjuration/Poison/Air       3
   d - Olgreb's Toxic Radiance        Poison                       4
   e - Venom Bolt                     Conjuration/Poison           5
Comestibles
 b - a meat ration
 c - a slice of pizza
 f - 3 chunks of flesh


   Skills:
 - Level 2.6 Dodging
 + Level 2.8 Stealth
 - Level 2.0 Spellcasting
 - Level 2.1 Conjurations
 - Level 3.6 Poison Magic


You had 4 spell levels left.
You knew the following spells:

 Your Spells              Type           Power        Failure   Level  Hunger
z - Sting                 Conj/Pois      ##..         10%         1    #......


Dungeon Overview and Level Annotations

Branches:
Dungeon (2/15)

Altars:

Annotations:
D:2 Sigmund


Innate Abilities, Weirdness & Mutations

You cannot wear armour.
You are incapable of wielding weapons or throwing items.
You have sharp claws.
You have razor-sharp teeth.
You have supernaturally acute eyesight.
You are carnivorous and can eat meat at any time.
You cover ground quickly.
You are covered in fur (AC +1).
You have a slow metabolism.
Your sharp claws are effective at attacking unaware monsters.


Message History

Wisps of smoke drift from your paws. The hobgoblin hits you with a club.
Ouch! That really hurt!
You are too injured to fight recklessly!
You barely miss the hobgoblin.
The hobgoblin is moderately wounded.
You barely miss the hobgoblin.
The hobgoblin is moderately wounded.
The hobgoblin closely misses you.
You closely miss the hobgoblin.
The hobgoblin is moderately wounded.
The hobgoblin completely misses you.
You barely miss the hobgoblin.
The hobgoblin is moderately wounded.
The hobgoblin hits you with a club.
* * * LOW HITPOINT WARNING * * *
You completely miss the hobgoblin.
The hobgoblin is moderately wounded.
The hobgoblin hits you with a club.
Ouch! That really hurt!
You die...

................#..÷...
##..............###....
....[...........# #....
.##+####........###....
. ........÷............>
..
##.########........##. .
#.##.######.....#....##.
.
................+....#..
.
.....#@###.....#.......
.#. #g# #.....#.......
#b. ......#.......
#.........#.....#.
#.........#.....#.
##........#####.#.
..$.....# .. ...... (.


You could see a hobgoblin and a bat.

Vanquished Creatures
  An adder (D:2)
  4 goblins (D:1)
  4 hobgoblins
  A bat (D:1)
  2 giant newts (D:1)
  A kobold (D:1)
  3 rats
16 creatures vanquished.

Notes
Turn   | Place    | Note
--------------------------------------------------------------
     0 | D:1      | hannobal the Felid Venom Mage began the quest for the Orb.
     0 | D:1      | Reached XP level 1. HP: 7/7 MP: 4/4
   265 | D:1      | Reached skill level 1 in Conjurations
   736 | D:1      | Reached XP level 2. HP: 11/11 MP: 3/6
  1141 | D:2      | Noticed Sigmund
  1565 | D:2      | Slain by a hobgoblin

Action                   || total
-------------------------++-------
Melee: Unarmed           ||     7
 Cast: Sting             ||    38
  Use: Scroll            ||     4
       Potion            ||     2
  Eat: Chunk             ||     9
